 Dungeon Crawl Stone Soup version 0.31.0-9-g3a7656b989 (webtiles) character file.

Game seed: 17519674324745727288

51 qw the Shooter (level 3, 0/20 HPs)
             Began as a Deep Elf Hunter on Feb 2, 2024.
             Slain by Grinder (4 damage)
             ... while paralysed by Grinder
             ... on level 3 of the Dungeon.
             The game lasted 00:00:04 (1742 turns).

qw the Shooter (Deep Elf Hunter)                    Turns: 1742, Time: 00:00:04

Health: 0/20       AC:  4    Str: 10    XL:     3   Next: 58%
Magic:  5/5        EV:  2    Int: 13    God:
Gold:   172        SH:  0    Dex: 18    Spells: 2/2 levels left

rFire   . . .        a - +0 shortbow
rCold   . . .        (shield currently unavailable)
rNeg    . . .        c - +0 leather armour
rPois   .            b - +0 helmet
rElec   .            (no cloak)
rCorr   .            (no gloves)
SInv    .            (no boots)
Will    .....        (no amulet)
Stlth   ++           (no ring)
HPRegen 0.23/turn    (no ring)
MPRegen 0.09/turn

%: no passive effects
@: paralysed
A: no striking features
a: no special abilities


You were on level 3 of the Dungeon.
You visited 1 branch of the dungeon, and saw 3 of its levels.

You collected 172 gold pieces.


   Skills:
 - Level 1.5 Fighting
 + Level 7.1 Ranged Weapons
 - Level 2.4 Dodging
 - Level 1.2 Stealth


You had 2 spell levels left.
You didn't know any spells.
Your spell library was empty.

Inventory:

Hand Weapons
 a - a +0 shortbow (weapon)
Armour
 b - a +0 helmet (worn)
 c - a +0 leather armour (worn)
Scrolls
 d - a scroll of teleportation {unknown}
 f - a scroll of identify {unknown}
 h - a scroll of fog {unknown}
Potions
 e - a potion of curing
 g - a potion of brilliance {unknown}

Dungeon Overview and Level Annotations

Branches:
Dungeon (3/15)

Altars:
Kikubaaqudgha
Trog
Wu Jian

Annotations:
D:3 Grinder


Message History

You feel sick. The adder bites you.
You shoot an arrow. The arrow closely misses the adder.
You feel sick. The adder bites you.
You are more poisoned.
The adder poisons you! The adder bites you.
You are more poisoned.
The adder poisons you!
You shoot an arrow. The arrow hits the adder!
You kill the adder!
You feel very sick.
Your Ranged Weapons skill increases to level 7!
1670 ||| DRINKING 2 potions of curing.
You feel better.
1670 ||| (to cure poison)
You start resting.
HP restored.
You see here an adder corpse.
Found a stone staircase leading down.
Found a stone staircase leading up.
Enter note: A kobold comes into view. It is wielding a +0 short sword.
You shoot an arrow. The arrow hits the kobold!
You kill the kobold!
Grinder comes into view.
Enter note: You shoot an arrow.
The arrow hits Grinder but does no damage.
Grinder shouts!
You shoot an arrow. The arrow hits Grinder.
Grinder is lightly wounded.
You shoot an arrow.
The arrow hits Grinder but does no damage.
Grinder is lightly wounded.
You shoot an arrow. The arrow hits Grinder.
Grinder is lightly wounded.
Grinder gestures at you.
You suddenly lose the ability to move!
Grinder hits you!
You writhe in agony.
Grinder hits you.
You writhe in agony.
You die...
Grinder sighs, "Dead already?
I want a refund."

#.# #.# #######.#
....)...# ##
#######.#####
.#####...........#
....#.####...##.#
#.#.#.# #...##.#
######.#.#.# #@..##.#
...........# +5..+..#
########.#..# #...####
.#.....#%#..# <.....
.#.##.##.##...###.####
.#.##.....#.... ...
.#.########.....#.#
.#.# ......>.# .#.#
######


You could see Grinder.

Vanquished Creatures
  An adder (D:3)
  A ribbon worm (D:2)
  A dart slug (D:1)
  An orc (D:3)
  6 ball pythons
  6 endoplasms
  3 giant cockroaches
  A goblin (D:1)
  3 hobgoblins
  A quokka (D:1)
  2 bats (D:1)
  A frilled lizard (D:3)
  3 kobolds
  4 rats
34 creatures vanquished.

Notes
Turn   | Place    | Note
-------+----------+-------------------------------------------
     0 | D:1      | qw the Deep Elf Hunter began the quest for the Orb.
     0 | D:1      | Reached XP level 1. HP: 12/12 MP: 3/3
     0 | D:1      | 0 ||| qw: Version: 0.3-a-155-g5e7d8dd
     0 | D:1      | 0 ||| qw: Game counter: 1783
     0 | D:1      | 0 ||| qw: Melee chars always use a shield: true
     0 | D:1      | 0 ||| qw: God list: Okawaru
     0 | D:1      | 0 ||| qw: Allow faded altars: false
     0 | D:1      | 0 ||| qw: Do Orc after clearing Dungeon:15 true
     0 | D:1      | 0 ||| qw: Do second Lair branch before Depths: true
     0 | D:1      | 0 ||| qw: Lair rune preference: random
     0 | D:1      | 0 ||| qw: Goals: Normal
     0 | D:1      | 0 ||| PLANNING D:1-11
   112 | D:1      | Reached XP level 2. HP: 16/16 MP: 4/4
   118 | D:1      | Reached skill level 6 in Ranged Weapons
   594 | D:1      | 594 ||| READING scroll labelled MUNTIY OMOCS.
   594 | D:1      | 594 ||| ENCHANTING +0 shortbow.
   595 | D:1      | 595 ||| DROPPING scroll of butterflies.
   765 | D:2      | Reached XP level 3. HP: 20/20 MP: 5/5
  1058 | D:2      | Found a faded altar of an unknown god.
  1429 | D:2      | 1429 ||| UPGRADING to +0 helmet.
  1434 | D:2      | 1434 ||| DRINKING 3 murky white potions.
  1469 | D:3      | Found an ancient bone altar of Kikubaaqudgha.
  1469 | D:3      | Found an ornate altar of the Wu Jian Council.
  1595 | D:3      | Found a bloodstained altar of Trog.
  1668 | D:3      | HP: 3/20 [adder (4)]
  1669 | D:3      | HP: 1/20 [poisoned by an adder]
  1670 | D:3      | Reached skill level 7 in Ranged Weapons
  1670 | D:3      | 1670 ||| DRINKING 2 potions of curing.
  1670 | D:3      | 1670 ||| (to cure poison)
  1734 | D:3      | Noticed Grinder
  1738 | D:3      | Paralysed by Grinder for 5 turns
  1742 | D:3      | HP: 4/20 [Grinder (6)]
  1742 | D:3      | Slain by Grinder

Levels and vault maps discovered:
D:1:      dpeg_arrival_arbitrary_a, layout_basic
D:2:      layout_loops_corners, hellmonk_ecumenical_altar_crossroads,
          grunt_decor_clamped
D:3:      layout_basic, mainiacjoe_overflow_divided_tiny, bloody_trog,
          uniq_grinder

Skill      XL: |  1  2  3 |
---------------+----------+-----
Ranged Weapons | 6 7 |  7.1
Fighting       | |  1.5
Dodging        | |  2.4
Stealth        | |  1.2

Action                     || total
---------------------------++-------
   Fire: Shortbow          ||    90
    Use: Scroll            ||     1
         Potion            ||     2
 Armour: Leather armour    ||    17
  Dodge: Dodged            ||     8

Table legend:
 A = Non-vault XP
 B = Vault XP
 C = Vault XP percentage of total XP
 D = Non-vault monster count
 E = Vault monster count
 F = Vault count percentage of total count
                 A         B        C        D         E       F
            +---------+---------+-------+---------+---------+-------
      Total |      74 |       0 |   0.0 |      34 |       0 |   0.0
            +---------+---------+-------+---------+---------+-------
        D:1 |      30 |       0 |   0.0 |      17 |       0 |   0.0
        D:2 |      20 |       0 |   0.0 |       9 |       0 |   0.0
        D:3 |      24 |       0 |   0.0 |       8 |       0 |   0.0
            +---------+---------+-------+---------+---------+-------
